 Dungeon Crawl Stone Soup version 0.18-a0-1789-gbeff17f (webtiles) character file.

65 dynamoDes the Digger (level 3, 0/19 HPs)
             Began as a Deep Elf Earth Elementalist on Apr 21, 2016.
             Slain by Crazy Yiuf
             ... wielding a +4 quarterstaff of chaos
              (11 damage)
             ... on level 2 of the Dungeon.
             The game lasted 00:24:40 (2780 turns).

dynamoDes the Digger (Deep Elf Earth Elementalist)  Turns: 2780, Time: 00:24:41

Health: 0/19       AC:  2    Str:  8    XL:     3   Next: 94%
Magic:  2/9        EV: 13    Int: 20    God:
Gold:   55         SH:  0    Dex: 15    Spells: 2 memorised, 4 levels left

rFire  . . .     SeeInvis .     g - +0 spear
rCold  . . .     Gourm    .     a - +0 robe
rNeg   . . .     Faith    .     (no shield)
rPois  .         Spirit   .     (no helmet)
rElec  .         Dismiss  .     (no cloak)
rCorr  .         Reflect  .     (no gloves)
SustAt .         Harm     .     (no boots)
MR     .....                    (no amulet)
Stlth  +++.......               (no ring)
                                e - +3 ring of strength

@: not resistant to hostile enchantments, fairly stealthy
A: no striking features
a: no special abilities


You were on level 2 of the Dungeon.
You were hungry.

You visited 1 branch of the dungeon, and saw 2 of its levels.

You collected 55 gold pieces.

Inventory:

Hand Weapons
 g - a +0 spear (weapon)
 i - a +0 dagger
 v - a +0 mace of protection
 y - a +0 mace
 z - a +0 mace
 A - a +0 mace
 B - a +0 mace
Missiles
 b - 84 stones (quivered)
 j - 23 arrows
 p - 22 sling bullets
 t - 11 poisoned needles
Armour
 a - a +0 robe (worn)
 n - a +0 leather armour
Jewellery
 e - a +3 ring of strength (left hand)
Scrolls
 f - a scroll of remove curse {unknown}
 h - 3 scrolls of identify {unknown}
 k - a scroll of fear {unknown}
 l - a scroll of enchant armour {unknown}
 o - 2 scrolls of teleportation {unknown}
 q - a scroll of amnesia {unknown}
 r - a scroll of recharging {unknown}
Potions
 m - a potion of beneficial mutation {unknown}
 u - 2 potions of flight {unknown}
 w - 2 potions of lignification {unknown}
Books
 c - a book of Geomancy

   Spells                             Type                      Level
   a - Sandblast                      Earth                        1
   b - Passwall                       Transmutation/Earth          2
   c - Stone Arrow                    Conjuration/Earth            3
   d - Petrify                        Transmutation/Earth          4
   e - Lee's Rapid Deconstruction     Earth                        5
Comestibles
 d - 2 bread rations
 s - a beef jerky


   Skills:
 + Level 3.1 Dodging
 + Level 3.8 Stealth
 + Level 3.3 Spellcasting
 + Level 0.2 Conjurations
   Level 1.1 Transmutations
 - Level 4.1 Earth Magic


You had 4 spell levels left.
You knew the following spells:

 Your Spells              Type           Power        Failure   Level  Hunger
a - Sandblast             Erth           ###...       2%          1    None
b - Stone Arrow           Conj/Erth      ##....       17%         3    ###....


Dungeon Overview and Level Annotations

Branches:
Dungeon (2/15)

Altars:

Annotations:
D:2 Crazy Yiuf


Message History

You are feeling hungry.
Casting: Stone Arrow
Confirm with . or Enter, or press ? or * to list all spells.
Aiming: Stone Arrow
Press: ? - help, Shift-Dir - straight line, f/p - Crazy Yiuf
Aim: Crazy Yiuf, wielding a quarterstaff of chaos and wearing a cloak (moderately wounded, fast)
The stone arrow misses Crazy Yiuf.
Casting: Stone Arrow
Confirm with . or Enter, or press ? or * to list all spells.
Aiming: Sandblast
Press: ? - help, Shift-Dir - straight line, f/p - Crazy Yiuf
Aim: Crazy Yiuf, wielding a quarterstaff of chaos and wearing a cloak (moderately wounded, fast)
The blast of sand hits Crazy Yiuf.
Crazy Yiuf is moderately wounded.
Crazy Yiuf hits you with a quarterstaff of chaos!
Crazy Yiuf draws strength from your injuries!
Crazy Yiuf cries, "Powder!
Adder poople wrapper."
Crazy Yiuf hits you with a quarterstaff of chaos!
Ouch! That really hurt!
You die...

##.....##
#.#..# ####
##.......##
#....# ##.##
##.........##
#+..+#
#######...#
.'รท........'#
#....#
#..........
##.........##
#....#
#######....
##.......##
#.#.## ##..#
##.....##
##.## ##.#
##...## #.##
#.# ##'## ##@#
###.. #.# #g##
#.... #.# ##)#
#.### ###
##.## #'# #.#
# ..###...##
))) #.# #
..##.....#
#)))# #.# #
#.###...#####
#).)# #.# #
#.##.....[..#
##### #.###
.....#.######
#....


You could see Crazy Yiuf.

Vanquished Creatures
  An ooze (D:1)
  4 worms (D:2)
  A dart slug (D:1)
  A giant gecko (D:1)
  4 giant cockroaches
  7 goblins
  6 hobgoblins
  3 jackals (D:1)
  2 kobolds (D:1)
  A quokka (D:2)
  4 bats
  A giant newt (D:2)
  7 rats
42 creatures vanquished.

Notes
Turn   | Place    | Note
--------------------------------------------------------------
     0 | D:1      | dynamoDes the Deep Elf Earth Elementalist began the quest for the Orb.
     0 | D:1      | Reached XP level 1. HP: 10/10 MP: 6/6
   178 | D:1      | Reached XP level 2. HP: 15/15 MP: 6/8
   748 | D:1      | Reached XP level 3. HP: 8/19 MP: 1/9
  1607 | D:2      | Learned a level 3 spell: Stone Arrow
  1814 | D:2      | Reached skill level 4 in Earth Magic
  2774 | D:2      | Noticed Crazy Yiuf
  2780 | D:2      | Slain by Crazy Yiuf

Vault maps used:
D:1:      mrwooster_arrival_statue_2
D:2:      uniq_crazy_yiuf_cottage

Skill      XL: |  1  2  3 |
---------------+----------+-----
Stealth        | 3 |  3.8
Earth Magic    | 4 |  4.1
Dodging        | 3 |  3.1
Spellcasting   | |  3.3
Conjurations   | |  0.2
Transmutations | |  1.1

Action                   || total
-------------------------++-------
Melee: Unarmed           ||     1
       Spear             ||    10
 Cast: Sandblast         ||   101
       Stone Arrow       ||     2
 Stab: Sleeping          ||     2
  Eat: Chunk             ||     5
Armor: Robe              ||     8
Dodge: Dodged            ||    34
